 Dungeon Crawl Stone Soup version 0.32-a0-643-ga006e7742e (webtiles) character file.

Game seed: 12918050401048377498

594 hikkokomori the Chopper (level 7, -9/55 HPs)
             Began as a Coglin Berserker on Mar 7, 2024.
             Was a Believer of Trog.
             Mangled by Dowan
             ... wielding a +0 dagger of distortion
              (14 damage)
             ... on level 4 of the Dungeon.
             The game lasted 00:09:08 (3107 turns).

hikkokomori the Chopper (Coglin Berserker)          Turns: 3107, Time: 00:09:08

Health: -9/55      AC:  6    Str: 19    XL:     7   Next: 39%
Magic:  7/7        EV: 10    Int:  6    God:    Trog [**....]
Gold:   14         SH:  0    Dex: 14    Spells: 6/6 levels left

rFire   . . .        w - +0 dagger (drain) {Charoen}
rCold   . . .        q - +0 dagger (venom) {Kiyoto}
rNeg    . . .        i - +0 scale mail
rPois   .            (no helmet)
rElec   .            (no cloak)
rCorr   .            (no gloves)
SInv    .            (no boots)
Will    .....        (amulet unavailable) Stlth
                     (ring unavailable)
HPRegen 0.29/turn    (ring unavailable)
MPRegen 0.10/turn    (no gizmo)

%: no passive effects
@: lethally poisoned (-9 -> -10), on berserk cooldown, slowed, revving, very
slow
A: off-hand wielding, slow wielding, warmup strikes, no jewellery
a: Invent Gizmo, Renounce Religion, Berserk, Trog's Hand


You were on level 4 of the Dungeon.
You worshipped Trog.
Trog was pleased with you.
You visited 1 branch of the dungeon, and saw 4 of its levels.

You collected 171 gold pieces.
You spent 157 gold pieces at shops.

Inventory:

Hand Weapons
 a - a +0 hand axe {Haeun}
 c - a +0 dagger {Annika}
 k - a +0 short sword {Armando}
 q - a +0 dagger of venom (offhand) {Kiyoto}
 r - a +0 hand axe
 w - a +0 dagger of draining (weapon) {Charoen}
Armour
 b - a +0 animal skin
 i - a +0 scale mail (worn)
Wands
 p - a wand of mindburst (4)
Scrolls
 d - 3 scrolls of teleportation
 e - a scroll of enchant weapon {unknown}
 h - a scroll of poison
 o - a scroll of fear {unknown}
 t - 2 scrolls of noise {unknown}
 u - a scroll of revelation
 v - a scroll of identify
 x - a scroll of enchant armour {unknown}
Potions
 f - a potion of lignification {unknown}
 g - a potion of haste {unknown}
 j - a potion of might
 l - 2 potions of attraction
 m - 3 potions of invisibility
 n - a potion of ambrosia
 s - a potion of heal wounds
 z - a potion of enlightenment {unknown}


   Skills:
 + Level 4.4 Fighting
 + Level 2.9 Short Blades
 + Level 5.3 Axes
 - Level 2.0 Armour
 - Level 2.0 Dodging
 + Level 4.7 Evocations


You had 6 spell levels left.
You didn't know any spells.
Your spell library was empty.

Dungeon Overview and Level Annotations

Branches:
Dungeon (4/15)
 Temple: D:4-7

Altars:
Cheibriados
Wu Jian

Shops:
D:2 ?=   D:3 ([?*

Annotations:
D:4 Dowan


Innate Abilities, Weirdness & Mutations

You can wield a second weapon in your off-hand.
It takes a long time for you to wield or remove held weapons.
Your first few attacks do less damage.
You cannot equip rings or amulets.


Message History

You puncture Duvessa with your +0 dagger of draining!
You drain Duvessa.
You feel sick.
You hit Duvessa with your +0 dagger of draining.
You drain Duvessa.
Duvessa is almost dead.
You puncture Duvessa with your +0 dagger of venom!
You kill Duvessa!
Trog accepts your kill.
Dowan screams, "No!
No!"
Dowan seems to find hidden reserves of power!
You feel sick.
You feel sick.
Things that are here:
a +1 short sword of venom; a +0 leather armour; the elf corpse of Duvessa
Found a stone staircase leading down.
You feel a strong urge to attack something.
You feel sick.
You feel sick.
Dowan casts a spell.
Dowan blinks!
You feel your anger nearly subside.
You are no longer berserk.
You are exhausted.
You feel yourself slow down.
You feel sick.
Aiming: Mindburst
Press: ? - help, Shift-Dir - straight line, f - Dowan
Aim: Dowan, wielding a +0 dagger of distortion and wearing a +0 robe (fast, chance to affect: 81%) Dowan's mind is blasted!!
You feel sick.
Dowan points at you and mumbles some strange words.
The stone arrow hits you!
You feel sick. Dowan hits you but does no damage.
Space warps horribly around you! Dowan hits you but does no damage.
Space warps horribly around you!
* * * LOW HITPOINT WARNING * * *
You closely miss Dowan with your +0 dagger of venom.
Dowan is severely wounded.
You hit Dowan but do no damage.
You feel sick.
Dowan hits you with a +0 dagger of distortion.
* * * LOW HITPOINT WARNING * * *
Space warps horribly around you!
You die...

#.# #.# #.#.###.# #.# #.#
#..## ##. ..###### #.#
###.###.# ......... #.#
##.#.## ..######. #####.#
##..# #.# ###.##...#.# #..#
#.# #........).# #..# #.#
#.##......e#############..#
#.#
#.......@..............##
#.#
#.............########...
.# .....:...#####.# ####
... ........#.# # .
.##.#.####<# .... #.# # ..
#># #. .. #.## ...


You could see Dowan (fast).

Vanquished Creatures
  Duvessa (D:4)
  An ice beast (D:4)
  An ogre (D:3)
  2 bombardier beetles
  A gnoll bouda (D:4)
  2 orc wizards (D:3)
  3 adders
  5 gnolls
  2 ribbon worms
  2 dart slugs
  5 orcs
  2 ball pythons (D:1)
  11 bats
  3 endoplasms
  4 giant cockroaches
  6 hobgoblins
  8 jackals
  11 kobolds
  4 frilled lizards (D:2)
  6 goblins
  A rat (D:2)
81 creatures vanquished.

Notes
Turn   | Place    | Note
-------+----------+-------------------------------------------
     0 | D:1      | hikkokomori the Coglin Berserker began the quest for the
                  | Orb.
     0 | D:1      | Reached XP level 1. HP: 18/18 MP: 1/1
   118 | D:1      | Reached XP level 2. HP: 19/24 MP: 2/2
   460 | D:1      | Reached XP level 3. HP: 2/29 MP: 3/3
   898 | D:2      | Reached ** piety under Trog
   932 | D:2      | Found Tayttosh's Magic Scroll Shop.
   943 | D:2      | Bought a scroll of teleportation for 36 gold pieces
   943 | D:2      | Bought a scroll of identify for 24 gold pieces
  1129 | D:2      | Found an ornate altar of the Wu Jian Council.
  1290 | D:2      | Found Ropsuqeu's Jewellery Boutique.
  1346 | D:3      | Reached skill level 4 in Axes
  1346 | D:3      | Reached skill level 1 in Evocations
  1346 | D:3      | Reached XP level 4. HP: 4/37 MP: 4/4
  1658 | D:3      | Noticed an ogre
  1669 | D:3      | Killed an ogre
  1670 | D:3      | Reached skill level 1 in Short Blades
  1670 | D:3      | Reached XP level 5. HP: 19/42 MP: 5/5
  1871 | D:3      | Found Istit's Magic Scroll Boutique.
  2000 | D:3      | Found a snail-covered altar of Cheibriados.
  2008 | D:3      | Reached XP level 6. HP: 42/48 MP: 6/6
  2175 | D:3      | Found Uweall's Armour Shop.
  2212 | D:3      | Found Femiatod's Weapon Shoppe.
  2383 | D:3      | Found Efamuk's General Store.
  2387 | D:3      | Bought a scroll of revelation for 97 gold pieces
  2629 | D:4      | Noticed an ice beast
  2637 | D:4      | Killed an ice beast
  2638 | D:4      | Reached skill level 5 in Axes
  2879 | D:4      | Reached XP level 7. HP: 8/54 MP: 7/7
  2879 | D:4      | Noticed Dowan
  2883 | D:4      | Noticed Duvessa
  3100 | D:4      | Killed Duvessa
  3107 | D:4      | Mangled by Dowan

Illustrated notes

Levels and vault maps discovered:
D:1:      dpeg_arrival_boxorama, layout_basic, minmay_splitting_lines
D:2:      layout_rooms, serial_shops, nicolae_shop_window_shopping,
          nicolae_diamond_shop, basic_altar
D:3:      layout_basic, slow_altar_2, serial_aquarium,
          aquarium_bridge_long_joined [aquarium_subvault_window,
          aquarium_subvault_wall, aquarium_subvault_bridge,
          aquarium_subvault_wall, aquarium_subvault_bridge,
          aquarium_subvault_bridge], aquarium_window_2, aquarium_window_fake,
          aquarium_window_corner, aquarium_view_2g, serial_shops,
          nicolae_square_shop, shop, shop_statue,
          nicolae_shop_bloodbath_and_beyond
D:4:      layout_loops_ring, minmay_bent, uniq_duvessa

Skill      XL: |  1  2  3  4  5  6 |
---------------+-------------------+-----
Armour         | 2 |  2.0
Dodging        | 2 |  2.0
Axes           | 4 5 |  5.3
Evocations     | 1 2 3 4 |  4.7
Fighting       | 4 |  4.4
Short Blades   | 1 2 |  2.9

Action                     |  1- 3 |  4- 6 |  7- 9 || total
---------------------------+-------+-------+-------++-------
  Melee: Hand axe          |    85 |    87 |       ||   172
         Dagger            |    42 |    86 |    50 ||   178
         Short sword       |    40 |    16 |       ||    56
 Invoke: Berserk           |     1 |     2 |     1 ||     4
  Evoke: Wand              |       |       |     1 ||     1
    Use: Scroll            |     3 |       |     1 ||     4
         Potion            |       |     2 |     1 ||     3
 Armour: Animal skin       |    25 |       |       ||    25
         Scale mail        |    46 |    70 |    17 ||   133
  Dodge: Dodged            |    36 |    37 |    10 ||    83

Table legend: (Time is in decaauts)
 A = Elapsed time spent in this place.
 B = Non-inter-level travel time spent in this place.
 C = Inter-level travel time spent in this place.
 D = Time resting spent in this place.
 E = Time spent auto-exploring this place.
 F = Levels seen in this place.
 G = Mean time per level.
                   A        B        C        D        E       F      G
               +--------+--------+--------+--------+--------+-----+--------+
         Total |   3138 |   3075 |     63 |    389 |   2063 |   4 |  784.5 |
       Dungeon |   3138 |   3075 |     63 |    389 |   2063 |   4 |  784.5 |
               +--------+--------+--------+--------+--------+-----+--------+

Top non-repeatable levels by time:
     D:3: 1275 daAuts
     D:1: 884 daAuts
     D:4: 525 daAuts
     D:2: 452 daAuts
